 Dungeon Crawl Stone Soup version 0.28.0 (webtiles) character file.

Game seed: 3015699693351975077

1640 lonewolfV2 the Ruffian (level 8, -7/78 HPs)
             Began as a Troll Fighter on Feb 9, 2022.
             Was an Initiate of Yredelemnul.
             Mangled by a wight (10 damage)
             ... on level 7 of the Dungeon.
             The game lasted 00:14:57 (4266 turns).

lonewolfV2 the Ruffian (Troll Fighter)              Turns: 4266, Time: 00:14:58

Health: -7/78      AC:  7    Str: 26 (27) XL:     8   Next: 66%
Magic:  8/8        EV: 10    Int:  2 (4)  God:    Yredelemnul [......]
Gold:   204        SH:  8    Dex: 13 (15) Spells: 7/7 levels left

rFire   + . .      SeeInvis .     - Unarmed
rCold   + . .      Faith    .   b - +0 kite shield
rNeg    . . .      Spirit   .   a - +0 robe
rPois   +          Reflect  .   (helmet restricted)
rElec   +          Harm     .   c - +2 cloak {rCorr}
rCorr   +          Rampage  .   (gloves unavailable)
Will    .....                   (boots unavailable)
Stlth   ++........              (no amulet)
HPRegen 1.03/turn               e - +6 ring of dexterity
MPRegen 0.11/turn               (no ring)

@: resistant, attractive
A: large, unfitting armour, claws 3, regeneration 1, shaggy fur 1, tough skin 1
a: Renounce Religion, Recall Undead Harvest


You were on level 7 of the Dungeon.
You worshipped Yredelemnul.
Yredelemnul was noncommittal.
You visited 1 branch of the dungeon, and saw 7 of its levels.
You also visited: Sewer.

You collected 254 gold pieces.
You spent 50 gold pieces at shops.

Inventory:

Armour
 a - a +0 robe (worn)
 b - a +0 kite shield (worn)
 c - a +2 cloak of preservation (worn)
Jewellery
 e - a +6 ring of dexterity (left claw)
 k - the ring "Veozud" {*Slow rPois rN++ rCorr Str+6}
   (You took it off an orc wizard on level 5 of the Dungeon)

   [ring of strength]

   Str:       It affects your strength (+6).
   rPois:     It protects you from poison.
   rN:        It greatly protects you from negative energy.
   rCorr:     It protects you from acid and corrosion.
   *Slow:     It may slow you when you take damage.
Wands
 i - a wand of flame (69)
Scrolls
 d - a scroll of magic mapping
 g - a scroll of immolation
 n - a scroll of enchant weapon
Potions
 f - a potion of haste
 j - a potion of flight
 o - 2 potions of lignification


   Skills:
 + Level 3.7 Fighting
 + Level 5.0 Dodging
 + Level 1.3 Stealth
 + Level 4.4 Shields
 + Level 7.1 Unarmed Combat
 + Level 1.9 Invocations


You had 7 spell levels left.
You didn't know any spells.
Your spell library contained the following spells:

 Spells                   Type           Power      Damage    Failure   Level
 Ozocubu's Armour         Ice            0%         N/A       99%         3
 Ozocubu's Refrigeration  Ice            0%         4d5       100%        7


Dungeon Overview and Level Annotations

Branches:
Dungeon (7/15)              Sewer (visited)
 Temple: D:4-7

Altars:
Dithmenos
Okawaru
Sif Muna
Wu Jian
Yredelemnul
Zin

Shops:
D:5 *

Annotations:
D:4 1 runed translucent door


Innate Abilities, Weirdness & Mutations

You are too large for most types of armour.
You have claws for hands.
Your natural rate of healing is unusually fast.
You are covered in fur. (AC +1)
You have tough skin. (AC +1)


Message History

You feel protected. You block the wight's attack.
The orc hits you with a +0 mace. The bullfrog hits you.
You block the orc's attack.
An orc priest comes into view. It is wielding a +0 war axe.
It was a potion of attraction.
You feel attractive to monsters. You block the bullfrog's attack.
You block the wight's attack. The orc closely misses you.
The orc barely misses you. The bullfrog hits you.
The orc priest calls down the wrath of Beogh upon you.
Beogh smites you!
* * * LOW HITPOINT WARNING * * *
The orc priest is attracted toward you. The centaur is attracted toward you.
Nothing appears to have answered your call.
The orc hits you with a +0 flail.
* * * LOW HITPOINT WARNING * * *
The wight hits you but does no damage. The orc misses you.
The bullfrog hits you.
* * * LOW HITPOINT WARNING * * *
The orc hits you but does no damage. The centaur hits you.
* * * LOW HITPOINT WARNING * * *
The centaur barely misses you.
The orc wizard hits you but does no damage.
It was a potion of magic.
Magic courses through your body. You block the bullfrog's attack.
The orc hits you with a +0 flail.
* * * LOW HITPOINT WARNING * * *
The wight closely misses you. You block the centaur's attack.
The centaur kicks you but does no damage.
The orc closely misses you. The orc hits you with a +0 flail.
* * * LOW HITPOINT WARNING * * *
The orc wizard hits you but does no damage.
The bullfrog barely misses you.
It was a potion of degeneration.
There was something very wrong with that liquid.
You feel weakened.
You feel dopey.
You feel clumsy. The centaur barely misses you.
The centaur kicks you but does no damage.
The orc closely misses you.
The wight hits you with a +2 morningstar!
You die...
Your body rises from the dead as a mindless zombie.

## #.# .. ..#
##. ..# ##..
#..#
##.#.#...##
#.........#
#...ooc...#
#..oo@z...#
#.....ooF...#
.....#.#..#.#
#### .. ..# #
##. ..# ..
### ##


You could see a bullfrog, a centaur, a wight, an orc priest, an orc wizard and 4
orcs.

Vanquished Creatures
  2 sky beasts (D:5)
  2 phantoms (D:5)
  A kobold brigand (D:3)
  3 scorpions
  A water moccasin zombie (D:5)
  A centaur zombie (D:5)
  A hound (D:5)
  4 orc priests
  Jessica (D:2)
  4 orc wizards
  2 hound zombies (D:5)
  A gnoll (D:1)
  6 adders
  4 river rats
  An ufetubus (D:5)
  2 adder skeletons (D:4)
  5 worms
  4 dart slugs
  8 orcs
  2 bats
  4 endoplasms
  7 giant cockroaches
  8 goblins
  12 hobgoblins
  8 jackals
  A quokka (D:3)
  8 ball pythons
  3 frilled lizards
  19 kobolds
  8 rats
133 creatures vanquished.

Vanquished Creatures (collateral kills)
  The ghost of SnakkuSnakku7 the Chiller, a novice FoIE (D:4)
  A scorpion (D:5)
  An orc priest (D:5)
  A jelly (D:4)
  An orc wizard (D:5)
  An adder (D:4)
  A worm (D:4)
  2 orcs
  A giant cockroach (D:3)
  A jackal (D:3)
  A ball python (D:2)
  2 kobolds (D:3)
14 creatures vanquished.

Vanquished Creatures (others)
  A scorpion zombie (D:5)
  A bat zombie (D:3)
  2 ball python zombies
  A kobold zombie (D:3)
  4 orc zombies
  39 fungi (D:3)
  7 plants (D:2)
  10 withered plants (D:2)
65 creatures vanquished.

Grand Total: 212 creatures vanquished

Notes
Turn   | Place    | Note
-------+----------+-------------------------------------------
     0 | D:1      | lonewolfV2 the Troll Fighter began the quest for the Orb.
     0 | D:1      | Reached XP level 1. HP: 22/22 MP: 0/0
   221 | D:1      | Reached XP level 2. HP: 9/29 MP: 1/1
   640 | D:2      | Reached XP level 3. HP: 25/36 MP: 2/2
   897 | D:2      | Found a basalt altar of Yredelemnul.
   928 | D:2      | Noticed Jessica
   932 | D:2      | Killed Jessica
   933 | D:2      | Reached XP level 4. HP: 44/44 MP: 3/3
  1014 | D:2      | Became a worshipper of Yredelemnul the Dark
  1138 | D:2      | Found a faded altar of an unknown god.
  1319 | D:3      | Found a shadowy altar of Dithmenos.
  1379 | D:3      | Found a glowing drain.
  1385 | D:3      | Reached skill level 3 in Unarmed Combat
  1488 | D:3      | Reached * piety under Yredelemnul
  1498 | Sewer    | Entered a sewer
  1527 | Sewer    | Reached XP level 5. HP: 50/52 MP: 4/4
  1548 | Sewer    | Reached ** piety under Yredelemnul
  1684 | Sewer    | Reached *** piety under Yredelemnul
  2027 | D:3      | Found a shimmering blue altar of Sif Muna.
  2102 | D:3      | Found an ornate altar of the Wu Jian Council.
  2102 | D:3      | Found a glowing silver altar of Zin.
  2258 | D:3      | Reached skill level 4 in Unarmed Combat
  2258 | D:3      | Reached XP level 6. HP: 59/59 MP: 5/5
  2422 | D:3      | Found an iron altar of Okawaru.
  2598 | D:4      | Identified the +3 ring mail of Lyen Qin {Will- Regen+
                  | Dex+2}
  2886 | D:4      | Found the +18 Lear's hauberk
  2971 | D:4      | Found a runed translucent door.
  2975 | D:4      | Noticed SnakkuSnakku7's ghost (novice FoIE)
  3077 | D:4      | Killed SnakkuSnakku7's ghost
  3078 | D:4      | Reached skill level 1 in Stealth
  3078 | D:4      | Reached skill level 5 in Unarmed Combat
  3078 | D:4      | Reached XP level 7. HP: 18/67 MP: 6/6
  3083 | D:4      | Found a runed translucent door.
  3088 | D:4      | Reached skill level 1 in Invocations
  3404 | D:5      | Entered Level 5 of the Dungeon
  3514 | D:5      | Found Zupnif's General Store.
  3522 | D:5      | Bought a potion of heal wounds for 50 gold pieces
  3628 | D:5      | Identified the +1 robe "Nopo" {Harm Regen+ Str-5}
  3690 | D:5      | Identified the +0 pair of boots of Keirhapra {+Blink rN+
                  | Int+2}
  3795 | D:5      | Reached skill level 6 in Unarmed Combat
  3877 | D:5      | Identified the ring "Veozud" {*Slow rPois rN++ rCorr Str+6}
  3883 | D:5      | Reached XP level 8. HP: 63/75 MP: 8/8
  4217 | D:6      | Reached skill level 7 in Unarmed Combat
  4254 | D:6      | Reached skill level 5 in Dodging
  4265 | D:7      | HP: 3/78 [orc (2)]
  4266 | D:7      | Mangled by a wight

Illustrated notes

Levels and vault maps discovered:
D:1:      wander_arrival_lonely_grave, layout_loops_ring
D:2:      layout_rooms, basic_altar, shapermc_ecumenical_altar_flowoftime,
          uniq_jessica
D:3:      cheibrodos_thug_alley, layout_rooms, lemuel_coloured_pillars_altar,
          mainiacjoe_overflow_cross_hatched, nicolae_dithmenos_the_darkroom,
          mainiacjoe_overflow_catch_the_wave, portal_sewer_entry_f,
          hangedman_decor_diamond_cutter
D:4:      nicolae_cairo_tiling_large_dashed, layout_basic,
          ebering_ghost_sewer_f, nicolae_elevator_lobby_asterisk
D:5:      layout_rooms, serial_shops, nicolae_shop_stone,
          minmay_misc_feat_pillars, nicolae_zen_rock_garden
D:6:      layout_gridville, nicolae_ashenzari_panopticon, nicolae_stop_n_shop_1
D:7:      layout_loops_ring, nicolae_hepliaklqana_monster_ancestors,
          minmay_temple_entry_arrows, minmay_misc_feat_roman,
          lightli_corner_chamber, uniq_menkaure

Skill      XL: |  1  2  3  4  5  6  7  8 |
---------------+-------------------------+-----
Shields        | 3 4 |  4.4
Dodging        | 3 4 5 |  5.0
Unarmed Combat | 3 4 5 6 7 |  7.1
Fighting       | 3 |  3.7
Stealth        | 1 |  1.3
Invocations    | 1 |  1.9

Action                   |  1- 3 |  4- 6 |  7- 9 || total
-------------------------+-------+-------+-------++-------
Melee: Unarmed           |    98 |   185 |   109 ||   392
Invok: Recall Undead Har |       |    10 |     9 ||    19
       Dark Bargain      |       |     1 |       ||     1
  Use: Scroll            |     2 |       |    11 ||    13
       Potion            |       |     2 |    11 ||    13
 Stab: Sleeping          |       |     2 |       ||     2
       Distracted        |       |     1 |       ||     1
Armor: Robe              |    40 |    60 |    60 ||   160
Dodge: Dodged            |    64 |    67 |    51 ||   182
Block: Kite shield       |    55 |    96 |    62 ||   213
